 Dungeon Crawl Stone Soup version 0.27-b1-16-g6517624069 (webtiles) character file.

Game seed: 17270214544805944748

2460 sixthgate the Ducker (level 9, -9/70 HPs)
             Began as a Gnoll Gladiator on July 26, 2021.
             Was an Initiate of Ashenzari.
             Mangled by Duvessa (12 damage)
             ... on level 7 of the Dungeon.
             The game lasted 00:10:56 (8772 turns).

sixthgate the Ducker (Gnoll Gladiator)              Turns: 8772, Time: 00:10:56

Health: -9/70      AC:  6    Str: 13    XL:     9   Next: 50%
Magic:  15/15      EV: 15    Int: 11    God:    Ashenzari [......]
Gold:   180        SH:  0    Dex: 14    Spells: 16/16 levels left

rFire    . . .     SeeInvis .   a - +1 long sword
rCold    . . .     Faith    .   (no shield)
rNeg     . . .     Spirit   .   g - +0 troll leather armour
rPois    .         Reflect  .   c - +1 helmet
rElec    .         Harm     .   (no cloak)
rCorr    .         Rampage  .   (no gloves)
Will     .....                  (no boots)
Stlth    ++........             (no amulet)
HPRegen  1.21/turn              (no ring)
MPRegen  0.14/turn              (no ring)

@: studying Staves
A: fangs 1, strong nose, distributed training
a: Renounce Religion, Curse Item


You were on level 7 of the Dungeon.
You worshipped Ashenzari.
Ashenzari was noncommittal.
You visited 2 branches of the dungeon, and saw 8 of its levels.
You also visited: Sewer.

You collected 180 gold pieces.

Inventory:

Hand Weapons
 a - a +1 long sword (weapon)
 b - a +1 dagger of flaming
 s - a +3 short sword
Armour
 c - a +1 helmet (worn)
 g - a +0 troll leather armour (worn)
 j - a +0 leather armour
 o - a +0 kite shield
Wands
 w - a wand of iceblast (5)
Scrolls
 f - 3 scrolls of magic mapping
 i - 3 scrolls of blinking
 k - a scroll of immolation
 q - 2 scrolls of identify
 v - a scroll of amnesia
Potions
 d - a potion of cancellation
 h - a potion of might
 l - a potion of attraction
 m - 5 potions of heal wounds
 n - 4 potions of haste
 p - a potion of mutation
 r - 3 potions of berserk rage
 t - a potion of degeneration
 u - 2 potions of invisibility
 x - a potion of brilliance


   Skills:
 + Level 6.3 Fighting
 + Level 4.3 Short Blades
 + Level 7.9 Long Blades
 + Level 4.3 Axes
 + Level 4.3 Maces & Flails
 + Level 4.3 Polearms
 + Level 5.4 Staves
 + Level 4.3 Slings
 + Level 4.3 Bows
 + Level 4.3 Crossbows
 + Level 6.3 Throwing
 + Level 4.3 Armour
 + Level 7.9 Dodging
 + Level 4.3 Stealth
 + Level 4.3 Shields
 + Level 4.3 Unarmed Combat
 + Level 4.3 Spellcasting
 + Level 3.5 Conjurations
 + Level 3.5 Hexes
 + Level 3.5 Summonings
 + Level 3.5 Necromancy
 + Level 3.5 Translocations
 + Level 3.5 Transmutations
 + Level 3.5 Fire Magic
 + Level 3.5 Ice Magic
 + Level 3.5 Air Magic
 + Level 3.5 Earth Magic
 + Level 3.5 Poison Magic
 + Level 4.7 Invocations
 + Level 4.3 Evocations


You had 16 spell levels left.
You didn't know any spells.
Your spell library contained the following spells:

 Spells                   Type           Power      Damage    Failure   Level
 Apportation              Tloc           20%        N/A       7%          1
 Corona                   Hex            11%        N/A       7%          1
 Ensorcelled Hibernation  Hex/Ice        20%        N/A       10%         2
 Gell's Gravitas          Tloc           5%         N/A       21%         3
 Teleport Other           Tloc           10%        N/A       21%         3
 Tukima's Dance           Hex            10%        N/A       21%         3
 Alistair's Intoxication  Tmut/Pois      6%         N/A       88%         5
 Dispersal                Tloc           5%         N/A       100%        6
 Invisibility             Hex            5%         N/A       100%        6


Dungeon Overview and Level Annotations

Branches:
Dungeon (7/15)             Temple (1/1) D:6           Sewer (visited)

Altars:
Ashenzari
Dithmenos
Elyvilon
Fedhas
Gozag
Hepliaklqana
Kikubaaqudgha
Makhleb
Nemelex Xobeh
Okawaru
Qazlal
Ru
Trog
Vehumet
Wu Jian
Xom
Yredelemnul
Zin
The Shining One

Annotations:
D:3 1 runed translucent door, Rallik's ghost, amateur MiFi
D:5 Prince Ribbit
D:7 Duvessa


Innate Abilities, Weirdness & Mutations

You have very sharp teeth.
Your uncanny sense of smell can sniff out nearby items.
Your experience applies equally to all skills.


Message History

The mass of ice explodes!
The iceblast engulfs Duvessa.
Duvessa is moderately wounded.
Aiming: Iceblast
Press: ? - help, Shift-Dir - straight line The mass of ice explodes!
The iceblast engulfs Duvessa!
Duvessa is heavily wounded.
You hit Duvessa but do no damage.
Duvessa is heavily wounded.
Duvessa completely misses you.
You hit Duvessa.
Duvessa is heavily wounded.
Duvessa hits you with a +3 short sword of freezing.
Duvessa freezes you.
Duvessa hits you with a +3 short sword of freezing!
Duvessa freezes you.
You hit Duvessa but do no damage. Your bite misses Duvessa.
Duvessa is heavily wounded.
Duvessa hits you with a +3 short sword of freezing!
Duvessa freezes you!
You hit Duvessa but do no damage.
Duvessa is heavily wounded.
Duvessa hits you with a +3 short sword of freezing.
Duvessa freezes you. Duvessa completely misses you.
You riposte.
You slash Duvessa!
Duvessa is severely wounded.
Okay, then.
Aiming: Charm
Press: ? - help, Shift-Dir - straight line Duvessa resists with some effort.
Duvessa barely misses you.
You riposte.
You hit Duvessa but do no damage.
Duvessa is severely wounded.
Aiming: Charm
Press: ? - help, Shift-Dir - straight line Duvessa resists with some effort.
The now-empty wand crumbles to dust.
Duvessa hits you with a +3 short sword of freezing!
* * * LOW HITPOINT WARNING * * *
Duvessa freezes you!
* * * LOW HITPOINT WARNING * * *
Duvessa hits you with a +3 short sword of freezing!
You die...

.......#..........
##.#.#........####.
...................
#.#...........#....
######.#................
.(.....#......##.......#
.......+.......+.......#
.......#......##........
#e@................
#....#......##.....
........#......##.##..
.......#.+......##.# ..
........###..[...##.# ..
......... +......##.# .
........# #......##).
.................. ..
.... .........


You could see Duvessa (berserk).

Vanquished Creatures
  A troll (D:6)
  A water moccasin (D:6)
  2 black bears (D:6)
  A necrophage (D:4)
  An ogre (D:2)
  A phantom (D:4)
  3 kobold brigands (Sewer)
  2 scorpions
  A wyvern skeleton (D:5)
  Dowan (D:7)
  2 water moccasin skeletons
  3 howler monkeys (D:6)
  2 centaur zombies
  An orc priest (D:4)
  4 hounds
  2 bullfrog skeletons
  2 centaur skeletons (D:7)
  2 iguanas
  2 orc wizards (D:4)
  A killer bee zombie (D:7)
  2 hound skeletons
  A howler monkey zombie (D:5)
  2 gnolls (D:5)
  5 river rats
  8 adders
  3 ufetubi
  An adder skeleton (D:4)
  3 worms
  3 dart slugs
  10 orcs
  8 ball pythons
  7 bats
  3 endoplasms
  3 giant cockroaches
  4 hobgoblins
  11 jackals
  5 frilled lizards
  10 goblins
  16 kobolds
  28 rats
168 creatures vanquished.

Vanquished Creatures (collateral kills)
  A gnoll (D:5)
  A ball python (Sewer)
  A rat (Sewer)
3 creatures vanquished.

Vanquished Creatures (others)
  An adder (D:5)
  A gnoll (D:5)
  A river rat (Sewer)
3 creatures vanquished.

Grand Total: 174 creatures vanquished

Notes
Turn   | Place    | Note
-------+----------+-------------------------------------------
     0 | D:1      | sixthgate the Gnoll Gladiator began the quest for the Orb.
     0 | D:1      | Reached XP level 1. HP: 20/20 MP: 1/1
   136 | D:1      | Reached XP level 2. HP: 23/26 MP: 2/2
   501 | D:1      | Reached XP level 3. HP: 31/31 MP: 3/3
   797 | D:2      | Reached skill level 1 in Short Blades
   797 | D:2      | Reached skill level 1 in Axes
   797 | D:2      | Reached skill level 1 in Maces & Flails
   797 | D:2      | Reached skill level 1 in Polearms
   797 | D:2      | Reached skill level 1 in Staves
   797 | D:2      | Reached skill level 1 in Slings
   797 | D:2      | Reached skill level 1 in Bows
   797 | D:2      | Reached skill level 1 in Crossbows
   797 | D:2      | Reached skill level 1 in Armour
   797 | D:2      | Reached skill level 1 in Stealth
   797 | D:2      | Reached skill level 1 in Shields
   797 | D:2      | Reached skill level 1 in Unarmed Combat
   797 | D:2      | Reached skill level 1 in Spellcasting
   797 | D:2      | Reached skill level 1 in Invocations
   797 | D:2      | Reached skill level 1 in Evocations
   797 | D:2      | Reached XP level 4. HP: 32/38 MP: 3/5
  1498 | D:2      | Noticed an ogre
  1509 | D:2      | Killed an ogre
  1510 | D:2      | Reached skill level 1 in Conjurations
  1510 | D:2      | Reached skill level 1 in Hexes
  1510 | D:2      | Reached skill level 1 in Summonings
  1510 | D:2      | Reached skill level 1 in Necromancy
  1510 | D:2      | Reached skill level 1 in Translocations
  1510 | D:2      | Reached skill level 1 in Transmutations
  1510 | D:2      | Reached skill level 1 in Fire Magic
  1510 | D:2      | Reached skill level 1 in Ice Magic
  1510 | D:2      | Reached skill level 1 in Air Magic
  1510 | D:2      | Reached skill level 1 in Earth Magic
  1510 | D:2      | Reached skill level 1 in Poison Magic
  1510 | D:2      | Reached XP level 5. HP: 39/43 MP: 5/7
  2324 | D:3      | Found a runed translucent door.
  2326 | D:3      | Noticed Rallik's ghost (amateur MiFi)
  2534 | D:4      | Reached XP level 6. HP: 43/50 MP: 8/8
  2906 | D:4      | Found a bloodstained altar of Trog.
  2906 | D:4      | Noticed a necrophage
  2918 | D:4      | Killed a necrophage
  2919 | D:4      | Reached skill level 5 in Fighting
  2919 | D:4      | Reached skill level 5 in Throwing
  3324 | D:5      | Entered Level 5 of the Dungeon
  3404 | D:5      | Noticed Prince Ribbit
  3441 | D:5      | HP: 2/51 [wyvern skeleton (2)]
  3455 | D:5      | HP: 1/51 [wyvern skeleton (3)]
  3460 | D:5      | Reached XP level 7. HP: 11/56 MP: 10/10
  3579 | D:5      | Found a glowing drain.
  3599 | Sewer    | Entered a sewer
  5208 | D:5      | Reached XP level 8. HP: 60/63 MP: 12/12
  6781 | D:6      | Found a staircase to the Ecumenical Temple.
  6791 | Temple   | Entered the Ecumenical Temple
  6997 | Temple   | Became a worshipper of Ashenzari the Shackled
  7908 | D:6      | Reached XP level 9. HP: 58/69 MP: 14/14
  8175 | D:7      | Noticed a troll
  8404 | D:6      | Killed a troll
  8405 | D:6      | Reached skill level 5 in Staves
  8747 | D:7      | Noticed Dowan
  8762 | D:7      | Killed Dowan
  8763 | D:7      | Noticed Duvessa
  8772 | D:7      | HP: 3/70 [Duvessa (8)]
  8772 | D:7      | Mangled by Duvessa

Illustrated notes

Levels and vault maps discovered:
D:1:      roderic_chinese_lattice_arrival, layout_rooms, minivault_23,
          hangedman_feature_mirror
D:2:      layout_loops_corners, serial_bayou_lake_a
D:3:      layout_loops_ring, ebering_ghost_reflecting_pool
D:4:      layout_basic, old_standard_altar
D:5:      layout_loops_ring, gup_sewer_entry_spiral, uniq_prince_ribbit1
D:6:      layout_loops_ring, temple_statues
D:7:      layout_basic, grunt_ministairs_15, minivault_25, uniq_duvessa
Temple:   roderic_octagonal_lattice_temple

Skill      XL: |  1  2  3  4  5  6  7  8  9 |
---------------+----------------------------+-----
Short Blades   | 1 2 3 4 |  4.3
Axes           | 1 2 3 4 |  4.3
Maces & Flails | 1 2 3 4 |  4.3
Polearms       | 1 2 3 4 |  4.3
Staves         | 1 2 4 5 |  5.4
Slings         | 1 2 3 4 |  4.3
Bows           | 1 2 3 4 |  4.3
Crossbows      | 1 2 3 4 |  4.3
Armour         | 1 2 3 4 |  4.3
Stealth        | 1 2 3 4 |  4.3
Shields        | 1 2 3 4 |  4.3
Unarmed Combat | 1 2 3 4 |  4.3
Spellcasting   | 1 2 3 4 |  4.3
Invocations    | 1 2 3 4 |  4.7
Evocations     | 1 2 3 4 |  4.3
Conjurations   | 1 2 3 |  3.5
Hexes          | 1 2 3 |  3.5
Summonings     | 1 2 3 |  3.5
Necromancy     | 1 2 3 |  3.5
Translocations | 1 2 3 |  3.5
Transmutations | 1 2 3 |  3.5
Fire Magic     | 1 2 3 |  3.5
Ice Magic      | 1 2 3 |  3.5
Air Magic      | 1 2 3 |  3.5
Earth Magic    | 1 2 3 |  3.5
Poison Magic   | 1 2 3 |  3.5
Fighting       | 5 6 |  6.3
Throwing       | 5 6 |  6.3
Long Blades    | 7 |  7.9
Dodging        | 7 |  7.9

Action                   |  1- 3 |  4- 6 |  7- 9 || total
-------------------------+-------+-------+-------++-------
Melee: Long sword        |    65 |   148 |   372 ||   585
       Bite              |     6 |    24 |    49 ||    79
       Dagger            |       |     8 |    14 ||    22
       Punch             |       |     1 |     3 ||     4
Throw: Throwing net      |       |     2 |     2 ||     4
       Dart              |       |       |     4 ||     4
Evoke: Wand              |       |     5 |     8 ||    13
  Use: Scroll            |     4 |     8 |     3 ||    15
       Potion            |       |     3 |     3 ||     6
 Stab: Held in net/web   |       |     1 |     1 ||     2
       Sleeping          |       |     1 |     4 ||     5
       Invisible         |       |       |     1 ||     1
Armor: Leather armour    |     9 |    41 |   123 ||   173
       Troll leather arm |       |       |    21 ||    21
Dodge: Dodged            |    60 |   123 |   376 ||   559
       Rpst.: Long sword |    16 |    37 |    92 ||   145
